 Dungeon Crawl Stone Soup version 0.28.0-45-g0d030f2227 (webtiles) character file.

Game seed: 16835225647568189704

828 Kaiern the Shooter (level 7, -9/60 HPs)
             Began as a Minotaur Hunter on Apr 5, 2022.
             Was a Follower of Okawaru.
             Killed from afar by a steam dragon (16 damage)
             ... with a ball of steam
             ... on level 6 of the Dungeon.
             The game lasted 00:16:22 (5752 turns).

Kaiern the Shooter (Minotaur Hunter)                Turns: 5752, Time: 00:16:22

Health: -9/60      AC:  3    Str: 18    XL:     7   Next: 64%
Magic:  6/6        EV:  8    Int:  8    God:    Okawaru [*.....]
Gold:   333        SH:  0    Dex: 14    Spells: 6/6 levels left

rFire   . . .      SeeInvis .   b - +9 halberd of Arrival {drain, *Corrode rElec Dex+3}
rCold   . . .      Faith    .   (shield currently unavailable)
rNeg    . . .      Spirit   .   s - +0 chain mail
rPois   +          Reflect  .   (helmet restricted)
rElec   +          Harm     .   B - +0 cloak
rCorr   .          Rampage  .   (no gloves)
Will    .....                   (no boots)
Stlth   ..........              (no amulet)
HPRegen 0.20/turn               q - ring of poison resistance
MPRegen 0.10/turn               (no ring)

@: corroded
A: horns 2, retaliatory headbutt
a: Renounce Religion, Heroism


You were on level 6 of the Dungeon.
You worshipped Okawaru.
Okawaru was aware of your devotion.
You visited 2 branches of the dungeon, and saw 7 of its levels.

You collected 333 gold pieces.

Inventory:

Hand Weapons
 a - a +1 shortbow
 b - the +9 halberd of Arrival (weapon) {drain, *Corrode rElec Dex+3}
   (You found it on level 4 of the Dungeon)

   A truly terrible weapon, it drains the life of any living foe it strikes.
   Dex:       It affects your dexterity (+3).
   rElec:     It insulates you from electricity.
   *Corrode:  It may corrode you when you take damage.
Missiles
 d - 21 arrows
 j - 34 poisoned darts (quivered)
 k - 19 sling bullets
 n - 9 bolts
 v - 2 boomerangs
 A - 6 javelins
Armour
 i - a +0 kite shield
 s - a +0 chain mail (worn)
 B - a +0 cloak (worn)
Jewellery
 q - a ring of poison resistance (left hand)
 y - a ring of fire
Wands
 x - a wand of iceblast (2)
Scrolls
 c - a scroll of fear
 e - 2 scrolls of teleportation
 g - a scroll of identify
 h - a scroll of amnesia
Potions
 f - a potion of brilliance
 l - a potion of berserk rage {unknown}
 m - a potion of lignification
 o - a potion of haste {unknown}
 p - 2 potions of flight
 r - a potion of ambrosia {unknown}
 t - a potion of curing {unknown}
 u - a potion of mutation {unknown}
 w - a potion of attraction {unknown}
 z - a potion of cancellation {unknown}


   Skills:
 + Level 4.7 Fighting
 - Level 2.9 Short Blades
 - Level 1.0 Polearms
 + Level 6.0 Bows
 + Level 5.7 Armour
 + Level 3.6 Dodging
 + Level 2.1 Stealth


You had 6 spell levels left.
You didn't know any spells.
Your spell library contained the following spells:

 Spells                   Type           Power      Damage    Failure   Level
 Magic Dart               Conj           0%         1d3       99%         1
 Searing Ray              Conj           0%         2d4       100%        2
 Ozocubu's Armour         Ice            0%         N/A       100%        3
 Portal Projectile        Hex/Tloc       0%         N/A       100%        3
 Fulminant Prism          Conj/Hex       0%         3d6       100%        4
 Blade Hands              Tmut           0%         N/A       100%        5
 Excruciating Wounds      Necr           0%         N/A       100%        5
 Ozocubu's Refrigeration  Ice            0%         4d5       100%        7


Dungeon Overview and Level Annotations

Branches:
Dungeon (6/15)             Temple (1/1) D:4

Altars:
Ashenzari
Cheibriados
Dithmenos
Elyvilon
Fedhas
Gozag
Hepliaklqana
Kikubaaqudgha
Makhleb
Nemelex Xobeh
Okawaru
Qazlal
Ru
Sif Muna
Trog
Uskayaw
Vehumet
Wu Jian
Xom
Yredelemnul
Zin
The Shining One

Shops:
D:2 =


Innate Abilities, Weirdness & Mutations

You have a pair of horns on your head.
You reflexively headbutt those who attack you in melee.


Message History

You impale the ogre!! You drain the ogre!
You kill the ogre!
Okawaru accepts your kill.
Your Bows skill increases to level 6!
You see here a +0 giant spiked club.
You closely miss the steam dragon.
The steam dragon bites you but does no damage.
The steam dragon claws you but does no damage.
You closely miss the steam dragon. The steam dragon barely misses you.
The steam dragon claws you but does no damage.
You barely miss the steam dragon. The steam dragon breathes steam at you.
The ball of steam hits you! The steam dragon bites you!
The steam dragon claws you but does no damage.
You hit the steam dragon. You headbutt the steam dragon.
The steam dragon is moderately wounded.
You are engulfed in a cloud of scalding steam.
Your corrosive artefact corrodes you!
The steam dragon bites you. The steam dragon claws you.
You barely miss the steam dragon. Your headbutt misses the steam dragon.
The steam dragon is moderately wounded.
You are engulfed in a cloud of scalding steam.
The steam dragon bites you.
Your corrosive artefact corrodes you!
The steam dragon claws you.
* * * LOW HITPOINT WARNING * * *
The steam dragon bites you.
* * * LOW HITPOINT WARNING * * *
The steam dragon claws you.
* * * LOW HITPOINT WARNING * * *
You puncture the steam dragon!
The steam dragon is severely wounded.
The steam dragon bites you.
* * * LOW HITPOINT WARNING * * *
The steam dragon claws you.
* * * LOW HITPOINT WARNING * * *
You closely miss the steam dragon.
The steam dragon is severely wounded.
The steam dragon breathes steam at you. The ball of steam hits you!
You die...

#........#.###.#.#
#........#.# #.#.#
#........#.# #.#.#
#........#.# #.#.#
+........#####.#.#
#..............#.########
###.####.#######..<....)#
#. #.........#######.##
#. #.#.#####@# #.# #.#..
#...D...".#.# # ###
#.#.#####.#.# ...#.. #.#
#.. ..# #.# .... ... #.#
#### #.# ...


You could see a steam dragon (catching breath).

Vanquished Creatures
  A black bear (D:5)
  2 ogres
  A kobold brigand (D:5)
  2 scorpions (D:5)
  A howler monkey (D:5)
  A centaur skeleton (D:4)
  A bullfrog skeleton (D:5)
  A scorpion zombie (D:3)
  2 iguanas (D:5)
  2 orc wizards
  5 adders
  A white imp (D:5)
  A worm (D:3)
  15 orcs
  3 bats
  7 endoplasms
  A giant cockroach (D:1)
  5 hobgoblins
  5 quokkas
  7 ball pythons
  A frilled lizard (D:2)
  8 goblins
  19 kobolds
  11 rats
103 creatures vanquished.

Notes
Turn   | Place    | Note
-------+----------+-------------------------------------------
     0 | D:1      | Kaiern the Minotaur Hunter began the quest for the Orb.
     0 | D:1      | Reached XP level 1. HP: 18/18 MP: 0/0
   281 | D:1      | Reached XP level 2. HP: 24/25 MP: 1/1
   410 | D:1      | Reached skill level 1 in Armour
   815 | D:1      | Reached skill level 5 in Bows
  1238 | D:2      | Found Emuth's Jewellery Boutique.
  1256 | D:2      | Reached skill level 1 in Short Blades
  1271 | D:2      | Reached XP level 3. HP: 30/30 MP: 2/2
  1331 | D:2      | Found a faded altar of an unknown god.
  1745 | D:2      | Reached XP level 4. HP: 29/37 MP: 3/3
  2846 | D:3      | Reached XP level 5. HP: 39/44 MP: 4/4
  2971 | D:4      | Found a bloodstained altar of Trog.
  3097 | D:4      | Identified the +9 halberd of Arrival {drain, *Corrode rElec
                  | Dex+3}
  3161 | D:4      | Found a staircase to the Ecumenical Temple.
  3185 | Temple   | Entered the Ecumenical Temple
  3192 | Temple   | Became a worshipper of Warmaster Okawaru
  3797 | D:4      | Noticed an ogre
  3802 | D:4      | Killed an ogre
  3803 | D:4      | Reached XP level 6. HP: 51/51 MP: 5/5
  4416 | D:5      | Entered Level 5 of the Dungeon
  4527 | D:5      | Reached skill level 1 in Polearms
  4528 | D:5      | Reached * piety under Okawaru
  4529 | D:5      | Reached skill level 5 in Armour
  4529 | D:5      | Reached skill level 1 in Stealth
  4542 | D:5      | Reached XP level 7. HP: 12/59 MP: 6/6
  5741 | D:6      | Noticed a steam dragon
  5745 | D:6      | Reached skill level 6 in Bows
  5752 | D:6      | Killed from afar by a steam dragon

Illustrated notes

Levels and vault maps discovered:
D:1:      dpeg_arrival_ratfight, layout_basic, minmay_tetromino_s2
D:2:      layout_rooms, hellmonk_ecumenical_altar_arch_garden, serial_shops,
          shop, nrook_mini_vaults
D:3:      layout_basic
D:4:      layout_layer_cave, trog_antimagical, temple_pool_b,
          chequers_serial_rivers_micro_c, kennysheep_nondescript
D:5:      layout_basic, minmay_crystal_room
D:6:      layout_basic, uniq_prince_ribbit1
Temple:   compressed_dpeg_triangle_lava_temple

Skill      XL: |  1  2  3  4  5  6  7 |
---------------+----------------------+-----
Armour         | 1 2 3 4 5 |  5.7
Bows           | 5 6 |  6.0
Short Blades   | 1 2 |  2.9
Fighting       | 3 4 |  4.7
Polearms       | 1 |  1.0
Stealth        | 1 2 |  2.1
Dodging        | 3 |  3.6

Action                   |  1- 3 |  4- 6 |  7- 9 || total
-------------------------+-------+-------+-------++-------
Melee: Short sword       |   117 |    64 |       ||   181
       Headbutt          |    15 |    19 |     1 ||    35
       Halberd           |       |    21 |    18 ||    39
 Fire: Shortbow          |       |    34 |    56 ||    90
  Use: Scroll            |       |     9 |       ||     9
       Potion            |       |       |     1 ||     1
Armor: Ring mail         |    36 |       |       ||    36
       Leather armour    |     2 |       |       ||     2
       Chain mail        |       |    42 |    20 ||    62
Dodge: Dodged            |    53 |    35 |    12 ||   100
